 Dungeon Crawl Stone Soup version 0.30.0-19-g36f170ea60 (webtiles) character file.

Game seed: 15409237789461529069

55530 Graphine the Severer (level 14, -12/132 HPs)
             Began as a Hill Orc Fighter on May 31, 2023.
             Was a High Priest of Beogh.
             Mangled by a merfolk impaler
             ... wielding a +2 trident of venom
              (18 damage)
             ... on level 4 of the Shoals.
             The game lasted 01:09:18 (15705 turns).

Graphine the Severer (Hill Orc Fighter)            Turns: 15705, Time: 01:09:19

Health: -12/132    AC: 23    Str: 24    XL:     14   Next: 77%
Magic:  25/25      EV: 12    Int: 12    God:    Beogh [*****.]
Gold:   1898       SH: 11    Dex:  9    Spells: 13/13 levels left

rFire   . . .        a - +7 war axe (flame)
rCold   . . .        c - +0 buckler
rNeg    . . .        W - +8 plate armour
rPois   .            r - +0 helmet
rElec   .            j - +0 cloak
rCorr   .            g - +2 pair of gloves {Str+3}
SInv    .            (no boots)
Will    +....        l - amulet of reflection Stlth
                     k - +5 ring of evasion
HPRegen 0.42/turn    R - ring of flight
MPRegen 0.19/turn

%: reflection
@: lethally poisoned (-12 -> -16), flying, unable to read
A: walk on water, fangs 1, clever 1, deformed body, sense surroundings 1, weak
1, inability to read after injury 1, noise suppression
a: Renounce Religion, Smiting, Recall Orcish Followers, Give Item to Named
Follower


You were on level 4 of the Shoals.
You worshipped Beogh.
Beogh was extremely pleased with you.
You visited 4 branches of the dungeon, and saw 17 of its levels.
You also visited: Ossuary and Bailey.

You collected 1898 gold pieces.

Inventory:

Hand Weapons
 a - a +7 war axe of flaming (weapon)
 b - a +3 hand axe
 d - a +1 antimagic demon trident
 q - a +2 demon trident of draining
 s - the +2 scimitar of Taem {heavy, Dex+2}
   (You found it on level 1 of the Shoals)

   Dex:       It affects your dexterity (+2).
 H - a +5 antimagic quarterstaff
 I - a +3 sling of flaming
Missiles
 e - 3 boomerangs (quivered)
 o - 4 curare-tipped darts
 X - a throwing net
Armour
 c - a +0 buckler (worn)
 g - a +2 pair of gloves of strength (worn)
 j - a +0 cloak (worn)
 r - a +0 helmet (worn)
 W - a +8 plate armour (worn)
Magical Staves
 h - a staff of conjuration
 Y - a staff of death
Jewellery
 k - a +5 ring of evasion (left hand)
 l - an amulet of reflection (around neck)
 p - a ring of fire
 E - a ring of resist corrosion
 G - an amulet of faith
 O - a ring of ice
 R - a ring of flight (right hand)
Wands
 t - a wand of roots (7)
 x - a wand of polymorph (3)
 z - a wand of digging (10)
 F - a wand of flame (29)
 K - a wand of mindburst (5)
 L - a wand of paralysis (19)
Scrolls
 u - 4 scrolls of fear
 v - 4 scrolls of vulnerability
 w - 9 scrolls of teleportation
 y - 8 scrolls of blinking
 C - 4 scrolls of immolation
 J - 4 scrolls of amnesia
 P - 6 scrolls of identify
 S - 2 scrolls of fog
 U - 2 scrolls of magic mapping
Potions
 i - 4 potions of curing
 m - 2 potions of flight
 n - 3 potions of attraction
 D - 2 potions of haste
 N - 2 potions of magic
 Q - 4 potions of brilliance
 V - 2 potions of resistance
Miscellaneous
 f - a lightning rod (3/4)


   Skills:
 - Level 14.0 Fighting
 - Level 16.0 Axes
 * Level 12.1 Throwing
 - Level 10.0 Armour
 - Level 10.0 Shields
 * Level 15.3 Invocations
 - Level 3.0 Evocations


You had 13 spell levels left.
You didn't know any spells.
Your spell library contained the following spells:

 Spells                   Type           Power      Damage    Failure   Level
 Apportation              Tloc           0%         N/A       99%         1
 Necrotise                Necr           0%         1d4       99%         1
 Shock                    Conj/Air       0%         1d3       99%         1
 Summon Small Mammal      Summ           0%         N/A       99%         1
 Call Canine Familiar     Summ           0%         N/A       100%        3
 Portal Projectile        Hex/Tloc       0%         N/A       100%        3
 Summon Guardian Golem    Hex/Summ       0%         N/A       100%        3
 Swiftness                Air            0%         N/A       100%        3
 Airstrike                Air            0%         2d(0-16)  100%        4
 Animate Armour           Summ/Erth      0%         N/A       100%        4
 Animate Dead             Necr           0%         N/A       100%        4
 Leda's Liquefaction      Hex/Erth       0%         N/A       100%        4
 Blade Hands              Tmut           0%         N/A       100%        5
 Iron Shot                Conj/Erth      0%         9d1       100%        6
 Haunt                    Necr/Summ      0%         N/A       100%        7
 Infestation              Necr           0%         N/A       100%        8


Dungeon Overview and Level Annotations

Branches:
Dungeon (10/15)            Temple (1/1) D:5            Lair (2/5) D:10
 Shoals (4/4) Lair:2          Orc (0/2) D:9         Ossuary (visited)
 Bailey (visited)
  Snake: Lair:2-3    Spider: Lair:2-3

Altars:
Ashenzari
Cheibriados
Dithmenos
Elyvilon
Fedhas
Gozag
Hepliaklqana
Kikubaaqudgha
Makhleb
Nemelex Xobeh
Okawaru
Qazlal
Ru
Sif Muna
Trog
Uskayaw
Vehumet
Wu Jian
Xom
Yredelemnul
Zin
The Shining One
Jiyva

Shops:
D:1 !   D:2 =   D:3 [   D:4 :

Annotations:
Shoals:4 Ilsuiw


Innate Abilities, Weirdness & Mutations

You can walk on water.
You have very sharp teeth.
Your mind is acute. (Int +4, Str/Dex -1)
Armour fits poorly on your strangely shaped body.
You passively map a small area around you.
You are weak. (Str -2)
You occasionally lose the ability to read scrolls when taking damage.
You passively dampen the noise of your surroundings.


Message History

The merfolk impaler hits you but does no damage.
The satyr shoots an arrow.
The arrow hits your wind drake!!
You slice something!! You burn something. You slice the water elemental!!
You burn the water elemental.
You destroy the water elemental!
The water elemental disappears in a puff of smoke!
The water engulfing you falls away.
You gasp with relief as air once again reaches your lungs.
Something hits you! Something freezes you.
The merfolk impaler closely misses you.
Your sea snake completely misses something.
The merfolk impaler closely misses you.
The satyr shoots an arrow.
The arrow barely misses your wind drake.
The arrow hits you!
Your sea snake bites something.
Your sea snake poisons something!
Something hits you. Something freezes you.
The merfolk impaler hits you with a +2 trident of venom.
You are poisoned.
The satyr shoots an arrow.
The arrow barely misses your wind drake.
The arrow hits your merfolk siren!!
Your merfolk siren completely misses something.
You barely miss the merfolk impaler.
The merfolk impaler is heavily wounded.
You barely miss something.
You feel sick.
The merfolk impaler hits you with a +2 trident of venom!
You hear some strange, mumbled words.
A shard of ice appears from out of thin air!
The shard of ice hits you!!!
You feel threatened and lose the ability to read scrolls!
* * * LOW HITPOINT WARNING * * *
Your merfolk hits the merfolk impaler from afar with a +0 trident!!
Your sea snake bites the merfolk impaler.
Okay, then.
You cannot read scrolls in your current state!
Unknown command.
You cannot read scrolls in your current state!
You feel sick.
The merfolk impaler hits you from afar with a +2 trident of venom!!
You die...

~ ~ ~ ~≈≈≈≈≈≈≈≈≈≈≈≈≈≈≈≈≈
≈≈≈≈≈≈≈≈≈≈≈≈≈≈≈≈≈ ~~
≈~≈≈≈≈≈≈~~~~≈≈≈≈≈
~~~~≈≈≈~~~~~~≈≈≈≈≈ ~ ~~
~~~~~~~~~~~~~≈≈≈≈≈
PP~~~~~~~~~~~~~≈≈≈
~~~P~~~~moP~~~~~≈≈≈ ~
~~~~~~m§@...~~~~~≈≈≈
~~P~~~S{m..#.~~~≈≈≈≈≈~~.
~~ ~
~~~..P~~...P.~~~≈≈≈≈≈~~.
~ ~
.~~P##..).k~~~~~~~~≈≈~~.
~~~...~~..~~~~~~~~~≈≈≈~~
≈P~P......~c~~~~.~~≈≈≈≈~
~
≈P~P~~.....~~~~~~~~≈≈≈≈≈
~ ~
P~#####...~~~~~..~~≈≈≈≈
~# ##.......)†.~~≈≈≈


You could see a merfolk impaler (ally target), a satyr, the friendly Jorge the
orc warlord (fleeing), a friendly sea snake (summoned), a friendly wind drake
(summoned, repels missiles, fleeing), a friendly merfolk (summoned) and a
friendly merfolk siren (summoned).

Vanquished Creatures
  The ghost of Dumidips the Black Belt, a journeyman OpMo of Makhleb (Lair:2)
  2 merfolk impalers (Shoals:2)
  A merfolk avatar (Shoals:3)
  A centaur warrior (D:9)
  3 death yaks
  A two-headed ogre (D:9)
  A boulder beetle (Lair:2)
  2 satyrs
  Nergalle (Lair:2)
  A skyshark (Shoals:2)
  2 sea snakes
  13 harpies
  An orc knight (Bailey)
  3 ugly things
  A manticore (Shoals:3)
  A cyclops (D:9)
  An elephant (shapeshifter) (D:9)
  10 fauns
  An orc sorcerer (Bailey)
  A black mamba (Lair:2)
  Joseph (D:8)
  6 elephants
  4 merfolk sirens
  3 water nymphs (Shoals:2)
  2 gargoyles (D:9)
  A kobold demonologist (D:9)
  A komodo dragon (Lair:1)
  7 merfolk
  A troll (D:9)
  7 blink frogs (Lair:1)
  4 wind drakes
  3 hornets
  A raiju (shapeshifter) (D:9)
  5 snapping turtles (Shoals:1)
  A slime creature (D:9)
  A water elemental (Shoals:1)
  Eustachio (D:4)
  10 yaks
  3 wyverns
  3 steam dragons
  A vampire mosquito (D:9)
  An acid dragon (D:10)
  6 water moccasins
  An ice beast (D:4)
  6 orc warriors
  A sky beast (D:7)
  3 black bears
  2 wolves (Lair:1)
  3 ogres
  4 centaurs
  A phantom (D:5)
  A kobold brigand (D:8)
  7 bullfrogs
  3 gnoll sergeants
  A scorpion (D:5)
  5 wights (D:6)
  13 killer bees
  4 electric eels
  3 howler monkeys (D:8)
  A centaur zombie (Ossuary)
  7 hounds
  2 jellies
  8 orc priests
  3 gnoll boudas
  2 human zombies (Ossuary)
  A sleepcap (D:8)
  3 iguanas
  7 orc wizards
  4 mummies (Ossuary)
  21 gnolls
  4 adders
  A shadow imp (D:7)
  2 ufetubi
  2 worms
  2 dart slugs
  30 orcs
  9 endoplasms
  3 giant cockroaches
  15 goblins
  8 hobgoblins
  A jackal (D:9)
  3 quokkas
  8 ball pythons
  A bat (D:1)
  3 frilled lizards
  2 goblin zombies (Ossuary)
  A hobgoblin zombie (Ossuary)
  11 kobolds
  2 kobold zombies (Ossuary)
  6 rats
352 creatures vanquished.

Vanquished Creatures (collateral kills)
  A merfolk javelineer (Shoals:2)
  5 merfolk impalers
  2 hydras (Lair:2)
  A merfolk avatar (Shoals:4)
  A satyr (Shoals:3)
  The ghost of purpleHaze the Summoner, a journeyman HuEE of Sif Muna (Lair:1)
  4 death yaks (Lair:1)
  5 harpies
  An orc sorcerer (Bailey)
  3 manticores
  8 fauns
  5 elephants
  A water nymph (Lair:2)
  3 cane toads
  A rime drake (Lair:2)
  A komodo dragon (Lair:1)
  7 merfolk
  A troll (D:9)
  A wind drake (Shoals:1)
  2 blink frogs (Lair:1)
  2 snapping turtles (Shoals:4)
  2 slime creatures (Lair:1)
  2 water elementals
  A wyvern (Lair:1)
  A yak (D:9)
  2 water moccasins (Lair:2)
  2 orc warriors (Bailey)
  A black bear (Lair:2)
  A wolf (D:9)
  2 bullfrogs
  An orc priest (D:9)
  3 gnolls
  A hobgoblin (Bailey)
75 creatures vanquished.

Vanquished Creatures (others)
  2 orc knights (Lair:2)
  An orc priest (D:9)
  2 orc warriors
  An orc wizard (D:9)
  A gnoll (Bailey)
  6 orcs
13 creatures vanquished.

Grand Total: 440 creatures vanquished

Notes
Turn   | Place    | Note
-------+----------+-------------------------------------------
     0 | D:1      | Graphine the Hill Orc Fighter began the quest for the Orb.
     0 | D:1      | Reached XP level 1. HP: 19/19 MP: 1/1
    36 | D:1      | Found Xutir's Distillery.
   105 | D:1      | Reached XP level 2. HP: 25/27 MP: 2/2
   130 | D:1      | Reached skill level 3 in Axes
   709 | D:2      | Found Ziyg's Jewellery Shop.
   767 | D:2      | Reached XP level 3. HP: 33/33 MP: 3/3
  1375 | D:3      | Reached XP level 4. HP: 41/41 MP: 4/4
  1415 | D:3      | Found Nixyecw's Antique Armour Shoppe.
  1801 | D:3      | Reached XP level 5. HP: 47/47 MP: 5/5
  1804 | D:3      | Found a blossoming altar of Fedhas.
  1927 | D:4      | Noticed Eustachio
  1931 | D:4      | Noticed a black bear
  1942 | D:4      | Killed Eustachio
  1943 | D:4      | Reached skill level 5 in Fighting
  1943 | D:4      | Reached skill level 4 in Axes
  1943 | D:4      | Reached skill level 1 in Evocations
  1943 | D:4      | Reached XP level 6. HP: 17/56 MP: 6/6
  1944 | D:4      | Killed a black bear
  2192 | D:4      | Noticed an ice beast
  2195 | D:4      | Found Lurphep's Book Shop.
  2210 | D:4      | Found an ornate altar of the Wu Jian Council.
  2236 | D:4      | Reached skill level 5 in Axes
  2239 | D:4      | Killed an ice beast
  2240 | D:4      | Reached skill level 5 in Armour
  2240 | D:4      | Reached skill level 5 in Shields
  2240 | D:4      | Reached XP level 7. HP: 55/61 MP: 7/7
  2762 | D:5      | Entered Level 5 of the Dungeon
  2934 | D:5      | Found a sand-covered staircase.
  2940 | Ossuary  | Entered an ossuary
  3120 | Ossuary  | Reached skill level 6 in Axes
  3139 | Ossuary  | Reached XP level 8. HP: 66/70 MP: 8/8
  3204 | D:5      | Gained mutation: Your spells are a little easier to cast,
                  | but a little less powerful. [potion of mutation]
  3205 | D:5      | Lost mutation: Your spells are a little easier to cast, but
                  | a little less powerful. [potion of mutation]
  3205 | D:5      | Gained mutation: You expend magic power (3 MP) to
                  | strengthen your wands. [potion of mutation]
  3205 | D:5      | Gained mutation: Your mind is acute. (Int +4, Str/Dex -1)
                  | [potion of mutation]
  3546 | D:5      | Found a staircase to the Ecumenical Temple.
  3552 | Temple   | Entered the Ecumenical Temple
  4729 | D:6      | Became a worshipper of Beogh the Brigand
  4758 | D:6      | Reached skill level 7 in Axes
  4846 | D:6      | Reached XP level 9. HP: 59/79 MP: 4/9
  5326 | D:7      | Reached * piety under Beogh
  5327 | D:7      | Reached skill level 8 in Axes
  5360 | D:7      | Noticed a hornet
  5367 | D:7      | Killed a hornet
  5454 | D:7      | Noticed a hornet
  5478 | D:7      | Killed a hornet
  5603 | D:7      | Found a sparkling altar of Nemelex Xobeh.
  5650 | D:7      | Reached skill level 9 in Axes
  6226 | D:8      | Reached XP level 10. HP: 90/90 MP: 10/10
  6261 | D:8      | Noticed Joseph
  6266 | D:8      | Killed Joseph
  6588 | D:8      | Found a hazy altar of Hepliaklqana.
  6647 | D:8      | Reached ** piety under Beogh
  6721 | D:8      | Found a shimmering blue altar of Sif Muna.
  6750 | D:8      | Lost mutation: Your mind is acute. (Int +4, Str/Dex -1)
                  | [potion of mutation]
  6750 | D:8      | Lost mutation: You expend magic power (3 MP) to strengthen
                  | your wands. [potion of mutation]
  6750 | D:8      | Gained mutation: You have hidden genetic defects. [potion
                  | of mutation]
  6750 | D:8      | Gained mutation: You are dopey. (Int -2) [potion of
                  | mutation]
  6750 | D:8      | Gained mutation: Your muscles are strong. (Str +4, Int/Dex
                  | -1) [potion of mutation]
  6751 | D:8      | Lost mutation: Your muscles are strong. (Str +4, Int/Dex
                  | -1) [potion of mutation]
  6751 | D:8      | Lost mutation: You have hidden genetic defects. [potion of
                  | mutation]
  6751 | D:8      | Gained mutation: Your natural rate of healing is unusually
                  | fast. [potion of mutation]
  6751 | D:8      | Gained mutation: You have large cloven feet. [potion of
                  | mutation]
  6751 | D:8      | Gained mutation: You have hidden genetic potential. [potion
                  | of mutation]
  6751 | D:8      | Gained mutation: You have hoof-like feet. [potion of
                  | mutation]
  7042 | D:9      | Reached skill level 10 in Axes
  7049 | D:9      | Found a basalt altar of Yredelemnul.
  7049 | D:9      | Noticed a gargoyle
  7055 | D:9      | Noticed a gargoyle
  7057 | D:9      | Found a glowing silver altar of Zin.
  7057 | D:9      | Noticed a salamander
  7061 | D:9      | a salamander changed into a komodo dragon
  7083 | D:9      | Killed a gargoyle
  7088 | D:9      | Noticed a red ugly thing
  7089 | D:9      | Killed a gargoyle
  7090 | D:9      | Reached skill level 10 in Fighting
  7096 | D:9      | Noticed a centaur warrior
  7097 | D:9      | Killed a red ugly thing
  7098 | D:9      | Found a snail-covered altar of Cheibriados.
  7102 | D:9      | Killed a centaur warrior
  7103 | D:9      | Reached XP level 11. HP: 44/101 MP: 11/11
  7153 | D:9      | Reached skill level 11 in Axes
  7218 | D:9      | Reached skill level 1 in Invocations
  7222 | D:9      | Noticed a cyclops
  7237 | D:9      | Killed a cyclops
  7245 | D:9      | Gained mutation: You are strong-willed. (Will+) [hidden
                  | potential]
  7309 | D:9      | Paralysed by a hornet for 3 turns
  7350 | D:9      | Reached *** piety under Beogh
  7411 | D:9      | Reached skill level 10 in Armour
  7465 | D:9      | Reached skill level 10 in Shields
  7665 | D:9      | Noticed a two-headed ogre
  7675 | D:9      | Killed a two-headed ogre
  7708 | D:9      | Found a staircase to the Orcish Mines.
  7898 | D:10     | Entered Level 10 of the Dungeon
  7937 | D:10     | Noticed a brown ugly thing
  7947 | D:10     | Killed a brown ugly thing
  7948 | D:10     | Reached skill level 12 in Axes
  7948 | D:10     | Reached skill level 5 in Invocations
  8062 | D:10     | Found a staircase to the Lair.
  8156 | D:10     | Found a flagged portal.
  8167 | Bailey   | Entered a bailey
  8189 | Bailey   | Gained Bogric as an ally
  8219 | Bailey   | Noticed an orc knight
  8222 | Bailey   | Your ally Bogric died
  8230 | Bailey   | Reached **** piety under Beogh
  8334 | Bailey   | Acquired 765 gold pieces
  8352 | Bailey   | Found an iron altar of Okawaru.
  8352 | Bailey   | Noticed an orc sorcerer
  8352 | Bailey   | Noticed an orc sorcerer
  8357 | Bailey   | Killed an orc sorcerer
  8361 | Bailey   | Killed an orc sorcerer
  8362 | Bailey   | Reached XP level 12. HP: 93/111 MP: 16/16
  8481 | Bailey   | Gained Jorge as an ally
  8812 | D:10     | Found a stormy altar of Qazlal.
  8872 | D:10     | Gained Milork as an ally
  8942 | D:10     | Reached skill level 13 in Axes
  9032 | Lair:1   | Entered Level 1 of the Lair of Beasts
  9089 | Lair:1   | Gained mutation: You passively map a small area around you.
                  | [hidden potential]
  9089 | Lair:1   | Lost mutation: You have hidden genetic potential. [hidden
                  | potential expressed]
  9092 | Lair:1   | Lost mutation: You are strong-willed. (Will+) [potion of
                  | mutation]
  9092 | Lair:1   | Lost mutation: Your natural rate of healing is unusually
                  | fast. [potion of mutation]
  9092 | Lair:1   | Gained mutation: Your spells are a little harder to cast,
                  | but a little more powerful. [potion of mutation]
  9092 | Lair:1   | Gained mutation: You are agile. (Dex +4, Str/Int -1)
                  | [potion of mutation]
  9093 | Lair:1   | Lost mutation: You are dopey. (Int -2) [potion of mutation]
  9093 | Lair:1   | Lost mutation: You have hoof-like feet. [potion of
                  | mutation]
  9093 | Lair:1   | Gained mutation: You have sharp fingernails. [potion of
                  | mutation]
  9093 | Lair:1   | Lost mutation: You are agile. (Dex +4, Str/Int -1) [potion
                  | of mutation]
  9093 | Lair:1   | Gained mutation: You have very sharp teeth. [potion of
                  | mutation]
  9094 | Lair:1   | Lost mutation: You have large cloven feet. [potion of
                  | mutation]
  9094 | Lair:1   | Lost mutation: Your spells are a little harder to cast, but
                  | a little more powerful. [potion of mutation]
  9094 | Lair:1   | Gained mutation: Your body sometimes deteriorates upon
                  | taking damage. [potion of mutation]
  9094 | Lair:1   | Gained mutation: Your spells are a little harder to cast,
                  | but a little more powerful. [potion of mutation]
  9094 | Lair:1   | Gained mutation: Your mind is acute. (Int +4, Str/Dex -1)
                  | [potion of mutation]
  9095 | Lair:1   | Lost mutation: Your body sometimes deteriorates upon taking
                  | damage. [potion of mutation]
  9095 | Lair:1   | Lost mutation: Your spells are a little harder to cast, but
                  | a little more powerful. [potion of mutation]
  9095 | Lair:1   | Gained mutation: You occasionally lose the ability to read
                  | scrolls when taking damage. [potion of mutation]
  9095 | Lair:1   | Gained mutation: You passively dampen the noise of your
                  | surroundings. [potion of mutation]
  9277 | Lair:1   | Noticed a death yak
  9278 | Lair:1   | Noticed a death yak
  9279 | Lair:1   | Noticed a death yak
  9280 | Lair:1   | Noticed a death yak
  9281 | Lair:1   | Noticed a death yak
  9281 | Lair:1   | Noticed a death yak
  9286 | Lair:1   | Killed a death yak
  9289 | Lair:1   | Killed a death yak
  9293 | Lair:1   | Killed a death yak
  9297 | Lair:1   | Killed a death yak
  9299 | Lair:1   | Killed a death yak
  9437 | Lair:1   | Reached skill level 14 in Axes
  9438 | Lair:1   | Reached ***** piety under Beogh
  9531 | Lair:1   | Killed a death yak
  9607 | Lair:1   | Found a runed translucent gate.
  9607 | Lair:1   | Found a runed translucent gate.
  9607 | Lair:1   | Found a runed translucent gate.
  9611 | Lair:1   | Noticed purpleHaze's ghost (journeyman HuEE)
  9955 | Lair:1   | Found a viscous altar of Jiyva.
  9969 | Lair:1   | Killed purpleHaze's ghost
 10066 | Lair:2   | Reached skill level 1 in Throwing
 10229 | Lair:2   | Found a runed translucent gate.
 10230 | Lair:2   | Found a runed translucent gate.
 10230 | Lair:2   | Noticed a death yak
 10230 | Lair:2   | Noticed Dumidips's ghost (journeyman OpMo)
 10231 | Lair:2   | Found a runed translucent gate.
 10231 | Lair:2   | Noticed a boulder beetle
 10232 | Lair:2   | Noticed a four-headed hydra
 10282 | Lair:2   | Noticed a five-headed hydra
 10289 | Lair:2   | Killed a four-headed hydra
 10290 | Lair:2   | Reached XP level 13. HP: 111/122 MP: 20/20
 10465 | Lair:2   | Reached skill level 10 in Invocations
 10469 | Lair:2   | Noticed Nergalle
 10481 | Lair:2   | Your ally Milork died
 10482 | Lair:2   | Killed Nergalle
 10486 | Lair:2   | Gained Olfik as an ally
 10755 | Lair:2   | Your ally Olfik died
 10763 | Lair:2   | Killed Dumidips's ghost
 10765 | Lair:2   | Reached skill level 15 in Axes
 10769 | Lair:2   | Reached skill level 5 in Throwing
 10923 | Shoals:1 | Entered Level 1 of the Shoals
 11344 | Shoals:1 | Identified the +2 scimitar of Taem {heavy, Dex+2}
 11657 | Shoals:1 | Gained mutation: You are weak. (Str -2) [mutagenic glow]
 11673 | Shoals:1 | Lost mutation: You have sharp fingernails. [mutagenic glow]
 11692 | Shoals:1 | Gained mutation: Armour fits poorly on your strangely
                  | shaped body. [mutagenic glow]
 11989 | Shoals:2 | Reached skill level 16 in Axes
 12324 | Shoals:2 | Noticed a merfolk impaler
 12337 | Shoals:2 | Killed a merfolk impaler
 12338 | Shoals:2 | Reached XP level 14. HP: 122/132 MP: 23/23
 12800 | Shoals:2 | Reached skill level 10 in Throwing
 14541 | Shoals:4 | Entered Level 4 of the Shoals
 14583 | Shoals:4 | Reached skill level 15 in Invocations
 15014 | Shoals:4 | Noticed Ilsuiw
 15705 | Shoals:4 | HP: 6/132 [poisoned by a merfolk impaler]
 15705 | Shoals:4 | Mangled by a merfolk impaler

Illustrated notes

Levels and vault maps discovered:
D:1:      dpeg_arrival_refuge, layout_loops_ring, serial_shops, shop
D:2:      wad_lake_hut, layout_rooms, serial_shops, shop,
          minmay_misc_feat_nine_boxes
D:3:      layout_rooms, fedhas_altar_fruit_tree, serial_shops, shop
D:4:      layout_cave_pools, mainiacjoe_overflow_alcove_4, serial_forest,
          infiniplex_forest_lined_2, infiniplex_forest_lined_2,
          infiniplex_forest_end_double, infiniplex_forest_clump_curved,
          infiniplex_forest_corner_1, infiniplex_forest_fountain,
          infiniplex_forest_lined_room_3, infiniplex_forest_3_way,
          infiniplex_forest_clump_curved, roderic_roman_lattice,
          kennysheep_windowed_goal, uniq_eustachio
D:5:      layout_layer_cave, minmay_temple_entry_fiery,
          nicolae_ossuary_entry_ruins, lemuel_flamethrower_2
D:6:      layout_cave_pools, minivault_4
D:7:      layout_basic, mainiacjoe_overflow_chevrons
D:8:      layout_rooms, mainiacjoe_overflow_24_doors, general_overflow_altar,
          minmay_misc_feat_enclosed, uniq_joseph
D:9:      layout_cave_pools, chequers_temple_overflow_statue_of_worship,
          orc_0_dummy, serial_gnoll_camp, gnoll_camp_mini_hut,
          gnoll_camp_mini_loothouse, gnoll_camp_mini_basic, gnoll_camp_mini_hut,
          gnoll_camp_mini_house, minivault_28
D:10:     layout_rooms, nicolae_qazlal_general_emergency, lair_entry_dummy,
          enter_bailey_3
Temple:   nicolae_temple_ecumenical_triangle
Lair:1:   layout_regular_city, gammafunk_ghost_ooze, st_stairs_6
Lair:2:   layout_roguey, nicolae_shoals_entry_flooding, gammafunk_ghost_split,
          infiniplex_staircase_pool, uniq_nergalle
Shoals:1: layout_shoals
Shoals:2: layout_shoals, nicolae_shoals_mertower
Shoals:3: layout_shoals
Shoals:4: shoals_end_simple, layout_shoals, shoal_ilsuiw,
          ebering_ghost_reflecting_pool, nicolae_shoals_nautilus_by_nature

Skill      XL: |  1  2  3  4  5  6  7  8  9 10 11 12 13 14 |
---------------+-------------------------------------------+-----
Axes           | 3 4 5 6 7 9 10 12 14 16 | 16.0
Fighting       | 4 5 6 7 8 10 11 13 14 | 14.0
Armour         | 4 5 6 8 9 10 | 10.0
Shields        | 4 5 6 8 9 10 | 10.0
Evocations     | 1 2 3 |  3.0
Invocations    | 6 9 12 15 | 15.3
Throwing       | 2 8 12 | 12.1

Action                     |  1- 3 |  4- 6 |  7- 9 | 10-12 | 13-15 || total
---------------------------+-------+-------+-------+-------+-------++-------
  Melee: War axe           |    70 |    69 |   254 |   508 |   269 ||  1170
         Kick              |       |       |       |    89 |       ||    89
         Bite              |       |       |       |    13 |    40 ||    53
   Fire: Sling             |       |       |       |    13 |       ||    13
  Throw: Javelin           |    17 |    21 |     7 |     5 |    32 ||    82
         Dart              |     2 |     5 |       |       |    11 ||    18
 Invoke: Convert to Beogh  |       |       |     1 |       |       ||     1
         Smiting           |       |       |       |     1 |     1 ||     2
         Recall Orcish Fol |       |       |       |     3 |     8 ||    11
         Give Item to Name |       |       |       |     1 |     2 ||     3
  Evoke: Wand              |       |       |    14 |    26 |    12 ||    52
         Lightning rod     |       |       |       |       |     1 ||     1
    Use: Scroll            |     7 |     5 |     7 |    19 |     6 ||    44
         Potion            |       |     1 |     2 |     8 |    12 ||    23
   Stab: Paralysed         |       |       |       |     2 |       ||     2
         Distracted        |       |       |       |     1 |       ||     1
 Armour: Scale mail        |    27 |    27 |    85 |    83 |       ||   222
         Plate armour      |       |       |       |   124 |   192 ||   316
  Dodge: Dodged            |    28 |    47 |   151 |   202 |   161 ||   589
  Block: Buckler           |    18 |    38 |   120 |   249 |   216 ||   641
         Reflection        |       |       |     5 |     6 |    51 ||    62
